 Dungeon Crawl Stone Soup version 0.31-b1-20-g67cafac56d (webtiles) character file.

Game seed: 9554880750696854296

83 atomiclemming the Cutter (level 4, -1/34 HPs)
             Began as a Gnoll Wanderer on Jan 17, 2024.
             Killed by nerve-wracking pain
             ... invoked by an orc priest
              (14 damage)
             ... on level 3 of the Dungeon.
             The game lasted 00:11:35 (1640 turns).

atomiclemming the Cutter (Gnoll Wanderer)           Turns: 1640, Time: 00:11:35

Health: -1/34      AC:  5    Str:  9    XL:     4   Next: 44%
Magic:  8/8        EV: 11    Int: 12    God:
Gold:   115        SH:  0    Dex: 15    Spells: 8/9 levels left

rFire   . . .        a - +2 short sword
rCold   . . .        (no shield)
rNeg    . . .        h - +0 leather armour
rPois   .            (no helmet)
rElec   .            b - +0 cloak
rCorr   .            (no gloves)
SInv    .            f - +0 pair of boots
Will    .....        (no amulet)
Stlth   ++           (no ring)
HPRegen 0.25/turn    (no ring)
MPRegen 0.11/turn

%: no passive effects
@: mighty
A: fangs 1, strong nose, distributed training
a: no special abilities


You were on level 3 of the Dungeon.
You visited 1 branch of the dungeon, and saw 3 of its levels.

You collected 115 gold pieces.

Inventory:

Hand Weapons
 a - a +2 short sword (weapon)
Armour
 b - a +0 cloak (worn)
 d - a +0 robe
 f - a +0 pair of boots (worn)
 h - a +0 leather armour (worn)
 l - a +0 chain mail
Magical Staves
 k - a staff of earth
Scrolls
 c - a scroll of blinking
 e - a scroll of revelation
 g - a scroll of noise {unknown}
 j - a scroll of identify


   Skills:
 + Level 2.8 Fighting
 + Level 6.6 Short Blades
 + Level 1.2 Long Blades
 + Level 1.2 Axes
 + Level 1.2 Maces & Flails
 + Level 1.2 Polearms
 + Level 1.2 Staves
 + Level 1.2 Ranged Weapons
 + Level 1.2 Throwing
 + Level 2.8 Armour
 + Level 1.2 Dodging
 + Level 4.3 Stealth
 + Level 1.2 Shields
 + Level 1.2 Unarmed Combat
 + Level 3.0 Spellcasting
 + Level 1.0 Conjurations
 + Level 1.0 Hexes
 + Level 1.0 Summonings
 + Level 1.0 Necromancy
 + Level 1.0 Translocations
 + Level 3.8 Fire Magic
 + Level 1.0 Ice Magic
 + Level 1.0 Air Magic
 + Level 1.0 Earth Magic
 + Level 1.0 Alchemy
 + Level 1.3 Invocations
 + Level 1.2 Evocations
 + Level 1.1 Shapeshifting


You had 8 spell levels left.
You knew the following spells:

 Your Spells              Type           Power      Damage    Failure   Level
a - Foxfire               Conj/Fire      28%        2x1d5     12%         1

Your spell library contained the following spells:

 Spells                   Type           Power      Damage    Failure   Level
 Volatile Blastmotes      Fire/Tloc      14%        2d11      36%         3
 Fugue of the Fallen      Necr           4%         N/A       54%         3
 Hailstorm                Conj/Ice       4%         3d5       54%         3
 Ozocubu's Armour         Ice            4%         N/A       54%         3
 Summon Ice Beast         Ice/Summ       4%         N/A       54%         3
 Manifold Assault         Tloc           4%         N/A       91%         4
 Sculpt Simulacrum        Ice/Alch       2%         N/A       100%        6


Dungeon Overview and Level Annotations

Branches:
Dungeon (3/15)

Altars:
Gozag


Innate Abilities, Weirdness & Mutations

You have very sharp teeth.
Your uncanny sense of smell can sniff out nearby items.
Your experience applies equally to all skills.


Message History

You kill the frilled lizard!
There is a stone staircase leading up here.
An endoplasm comes into view.
The endoplasm moves out of view.
Found an opulent altar of Gozag.
You see here a +0 chain mail.
The endoplasm barely misses you.
An orc comes into view. It is wielding a +0 dagger.
An orc and an orc priest come into view.
Found a stone staircase leading down.
You hit the endoplasm but do no damage. The endoplasm barely misses you.
You hit the endoplasm.
The endoplasm is almost dead.
The orc shouts!
The endoplasm freezes you.
You are frozen.
You hit the endoplasm.
You kill the endoplasm!
You see here a +0 chain mail.
l - a +0 chain mail The orc priest calls down the wrath of Beogh upon you.
Pain shoots through your body!
The orc priest looks encouraged for a moment.
The orc priest mumbles some strange prayers to Beogh against you.
Beogh smites you!
You puncture the orc!
You kill the orc!
Casting: Foxfire (safe; 12% risk of failure)
Confirm with . or Enter, or press ? or * to list all spells.
Okay, then.
It was a potion of might.
You feel very mighty all of a sudden. The orc priest barely misses you.
Things that are here:
a +0 dagger; an orc corpse You puncture the orc priest!
The orc priest is severely wounded.
The orc priest invokes the aid of Beogh against you.
Pain shoots through your body!
You die...

#...# .... ...
#...# ...>
###.######...#
.....
#.......##...# ...o
#.......##...# ..
...#.......###.##
....#.#..........<#
#.._.......####.#
#.......o@o.# ∆
#...#####.....#
##### #.....#
#.....# #####.# #.#
#.###########
#...........#
###########.#


You could see an orc priest and an orc.

Vanquished Creatures
  4 adders (D:2)
  A ribbon worm (D:2)
  3 dart slugs
  An orc (D:3)
  A bat (D:2)
  5 endoplasms
  3 giant cockroaches
  3 goblins (D:2)
  2 hobgoblins
  5 jackals (D:1)
  2 quokkas (D:1)
  A ball python (D:1)
  2 frilled lizards
  3 rats
36 creatures vanquished.

Notes
Turn   | Place    | Note
-------+----------+-------------------------------------------
     0 | D:1      | atomiclemming the Gnoll Wanderer began the quest for the
                  | Orb.
     0 | D:1      | atomiclemming set off with the following items: a +2 short
                  | sword, a +0 cloak, a scroll of blinking, a +0 robe; and the
                  | following spell memorised: Foxfire; and the following
                  | spells available to memorise: Volatile Blastmotes.
     0 | D:1      | Reached XP level 1. HP: 17/17 MP: 4/4
   163 | D:1      | Reached XP level 2. HP: 23/23 MP: 5/5
   959 | D:2      | Reached XP level 3. HP: 28/28 MP: 7/7
  1056 | D:2      | Reached skill level 1 in Invocations
  1126 | D:2      | Reached skill level 1 in Long Blades
  1126 | D:2      | Reached skill level 1 in Axes
  1126 | D:2      | Reached skill level 1 in Maces & Flails
  1126 | D:2      | Reached skill level 1 in Polearms
  1126 | D:2      | Reached skill level 1 in Staves
  1126 | D:2      | Reached skill level 1 in Ranged Weapons
  1126 | D:2      | Reached skill level 1 in Throwing
  1126 | D:2      | Reached skill level 1 in Dodging
  1126 | D:2      | Reached skill level 1 in Shields
  1126 | D:2      | Reached skill level 1 in Unarmed Combat
  1126 | D:2      | Reached skill level 1 in Evocations
  1193 | D:2      | Reached skill level 1 in Shapeshifting
  1193 | D:2      | Reached XP level 4. HP: 28/34 MP: 8/8
  1572 | D:3      | Reached skill level 1 in Conjurations
  1572 | D:3      | Reached skill level 1 in Hexes
  1572 | D:3      | Reached skill level 1 in Summonings
  1572 | D:3      | Reached skill level 1 in Necromancy
  1572 | D:3      | Reached skill level 1 in Translocations
  1572 | D:3      | Reached skill level 1 in Ice Magic
  1572 | D:3      | Reached skill level 1 in Air Magic
  1572 | D:3      | Reached skill level 1 in Earth Magic
  1572 | D:3      | Reached skill level 1 in Alchemy
  1612 | D:3      | Found an opulent altar of Gozag.
  1640 | D:3      | Killed from afar by an orc priest

Illustrated notes

Levels and vault maps discovered:
D:1:      wheals_arrival_linesprint, layout_basic, minmay_misc_feat_room
D:2:      layout_basic
D:3:      layout_basic, lemuel_crystal_altar, interstate_on_off,
          chequers_serial_rivers_small_b

Skill      XL: |  1  2  3  4 |
---------------+-------------+-----
Invocations    | 1 |  1.3
Long Blades    | 1 |  1.2
Axes           | 1 |  1.2
Maces & Flails | 1 |  1.2
Polearms       | 1 |  1.2
Staves         | 1 |  1.2
Ranged Weapons | 1 |  1.2
Throwing       | 1 |  1.2
Dodging        | 1 |  1.2
Shields        | 1 |  1.2
Unarmed Combat | 1 |  1.2
Evocations     | 1 |  1.2
Shapeshifting  | 1 |  1.1
Spellcasting   | 3 |  3.0
Conjurations   | 1 |  1.0
Hexes          | 1 |  1.0
Summonings     | 1 |  1.0
Necromancy     | 1 |  1.0
Translocations | 1 |  1.0
Ice Magic      | 1 |  1.0
Air Magic      | 1 |  1.0
Earth Magic    | 1 |  1.0
Alchemy        | 1 |  1.0
Fighting       | |  2.8
Short Blades   | |  6.6
Armour         | |  2.8
Stealth        | |  4.3
Fire Magic     | |  3.8

Action                     |  1- 3 |  4- 6 || total
---------------------------+-------+-------++-------
  Melee: Short sword       |   106 |    31 ||   137
         Bite              |     7 |     4 ||    11
         Punch             |     3 |       ||     3
   Cast: Foxfire           |     1 |       ||     1
    Use: Potion            |     2 |     1 ||     3
         Scroll            |     2 |       ||     2
   Stab: Sleeping          |     1 |     2 ||     3
 Armour: Robe              |    18 |       ||    18
         Leather armour    |    30 |    10 ||    40
  Dodge: Dodged            |    50 |    16 ||    66
